 Dungeon Crawl Stone Soup version 0.21.1-1-g345015f (webtiles) character file.

21 wilfster70 the Sneak (level 2, 20/20 HPs)
             Began as a Gnoll Enchanter on Apr 3, 2018.
             Was a Believer of Lugonu.
             Quit the game on level 2 of the Dungeon.
             The game lasted 00:03:02 (847 turns).

wilfster70 the Sneak (Gnoll Enchanter)               Turns: 847, Time: 00:03:02

Health: 20/20      AC:  3    Str: 10    XL:     2   Next: 83%
Magic:  7/7        EV: 14    Int: 17    God:    Lugonu [**....]
Gold:   30         SH:  0    Dex: 15    Spells: 7/10 levels left

rFire    . . .     SeeInvis .   a - +1 dagger
rCold    . . .     Gourm    .   (no shield)
rNeg     . . .     Faith    .   b - +0 robe
rPois    .         Spirit   .   (no helmet)
rElec    .         Reflect  .   (no cloak)
rCorr    .         Harm     .   (no gloves)
MR       .....                  e - +0 pair of boots
Stlth    +++.......             (no amulet)
HPRegen  0.06/turn              (no ring)
MPRegen  0.10/turn              (no ring)

@: no status effects
A: distributed training, fangs 1, strong nose
a: Depart the Abyss, Bend Space, Renounce Religion


You were on level 2 of the Dungeon.
You worshipped Lugonu.
Lugonu was pleased with you.
You were not hungry.

You visited 1 branch of the dungeon, and saw 2 of its levels.

You collected 30 gold pieces.

Inventory:

Hand Weapons
 a - a +1 dagger (weapon)
Armour
 b - a +0 robe (worn)
 e - a +0 pair of boots (worn)
Scrolls
 f - a scroll of teleportation {unknown}
 g - a scroll of remove curse {unknown}
 i - a scroll of enchant weapon {unknown}
Potions
 h - a potion of lignification {unknown}
 j - a potion of agility {unknown}
Books
 c - a book of Maledictions

   Spells                             Type                      Level
   a - Corona                         Hexes                        1
   b - Ensorcelled Hibernation        Hexes/Ice                    2
   c - Confuse                        Hexes                        3
   d - Tukima's Dance                 Hexes                        3
   e - Dazzling Spray                 Conjuration/Hexes            3
Comestibles
 d - a ration


   Skills:
 + Level 0.5 Fighting
 + Level 2.5 Short Blades
 + Level 0.5 Long Blades
 + Level 0.5 Axes
 + Level 0.5 Maces & Flails
 + Level 0.5 Polearms
 + Level 0.5 Staves
 + Level 0.5 Slings
 + Level 0.5 Bows
 + Level 0.5 Crossbows
 + Level 0.5 Throwing
 + Level 0.5 Armour
 + Level 4.5 Dodging
 + Level 5.9 Stealth
 + Level 0.5 Shields
 + Level 0.5 Unarmed Combat
 + Level 4.9 Spellcasting
 + Level 0.3 Conjurations
 + Level 5.3 Hexes
 + Level 0.3 Charms
 + Level 0.3 Summonings
 + Level 0.3 Necromancy
 + Level 0.3 Translocations
 + Level 0.3 Transmutations
 + Level 0.3 Fire Magic
 + Level 0.3 Ice Magic
 + Level 0.3 Air Magic
 + Level 0.3 Earth Magic
 + Level 0.3 Poison Magic
 + Level 0.6 Invocations
 + Level 0.5 Evocations


You had 7 spell levels left.
You knew the following spells:

 Your Spells              Type           Power        Failure   Level  Hunger
a - Corona                Hex            ###....      1%          1    None
b - Ensorcelled Hibernat  Hex/Ice        ##....       7%          2    #......


Dungeon Overview and Level Annotations

Branches:
Dungeon (2/15)

Altars:
Cheibriados
Nemelex Xobeh
Xom
Lugonu


Innate Abilities, Weirdness & Mutations

Your experience applies equally to all skills.
You have very sharp teeth.
Your uncanny sense of smell can sniff out nearby items.


Message History

There is an open door here.
There is an open door here.
You now have 30 gold pieces (gained 9).
You enter the shallow water.
Moving in this stuff is going to be slow.
You enter the shallow water.
Moving in this stuff is going to be slow.
Found 23 sling bullets.
Found a scroll labeled VIS MUNIS.
Found an escape hatch in the floor.
A rat comes into view.
Found a stone staircase leading down.
Found a stone staircase leading down.
You see here a scroll labeled VIS MUNIS.
Found a club and 15 stones.
The helpless rat fails to defend itself.
You impale the rat!!
You kill the rat!
Lugonu accepts your kill.
f - a scroll labeled VIS MUNIS Are you sure you want to abandon this character and quit the game? (Confirm with "yes".)

#+##+#### #(......#
#.......#
#..>....##♣≈
#.........≈♣ #
#.....>..)♣
#.#.#####........♣≈≈
#.......#........≈≈≈
∆ #@##..>.####≈P≈ ∆
#.##....#### ♣≈ ≈
#..........# ≈
#.##.#####.# ≈≈
#.##....##.#♣ ≈≈≈
#######(....♣ ♣≈≈≈
#####.♣♣PP≈≈
#..P♣≈≈≈ ##.≈P≈P≈


There were no monsters in sight!

Vanquished Creatures
  A leopard gecko (D:1)
  4 bats
  A giant cockroach (D:1)
  A goblin (D:1)
  2 hobgoblins (D:1)
  3 jackals (D:2)
  A frilled lizard (D:1)
  4 rats
17 creatures vanquished.

Notes
Turn   | Place    | Note
-------+----------+-------------------------------------------
     0 | D:1      | wilfster70 the Gnoll Enchanter began the quest for the Orb.
     0 | D:1      | Reached XP level 1. HP: 13/13 MP: 6/6
   165 | D:1      | Reached XP level 2. HP: 18/19 MP: 7/7
   169 | D:1      | Learned a level 2 spell: Ensorcelled Hibernation
   468 | D:2      | Found a shimmering altar of Xom.
   468 | D:2      | Found a snail-covered altar of Cheibriados.
   474 | D:2      | Found a sparkling altar of Nemelex Xobeh.
   476 | D:2      | Found a faded altar of an unknown god.
   477 | D:2      | Found a faded altar of an unknown god.
   481 | D:2      | Became a worshipper of Lugonu the Unformed
   481 | D:2      | Reached * piety under Lugonu
   481 | D:2      | Reached ** piety under Lugonu
   847 | D:2      | Quit the game

Action                   || total
-------------------------++-------
Melee: Dagger            ||    57
       Bite              ||     5
 Cast: Corona            ||     2
       Ensorcelled Hiber ||     4
 Stab: Sleeping          ||     7
Armor: Robe              ||    13
Dodge: Dodged            ||    49
